[Event "*** Titled Tuesday Blitz"]
[Site "Chess.com"]
[Date "2018.09.04"]
[Round "6"]
[White "b_6"]
[Black "chess_rehab"]
[Result "1-0"]
[WhiteElo "2386"]
[BlackElo "2230"]
[TimeControl "180+2"]
[EndTime "14:53:17 PDT"]
[Termination "b_6 won by checkmate"]

1. d4 d5 2. Bf4 Nf6 3. e3 c5 4. c3 Nc6 5. Nd2 Qb6 6. Qb3 c4 7.
Qc2 Bg4 8. b3 cxb3 9. axb3 e6 10. Bd3 Bh5 11. Ngf3 Rc8 12. Qb2 Bg6 13. Bxg6 hxg6 14.
h3 Be7 15. O-O O-O 16. Rfb1 Rfd8 17. c4 dxc4 18. bxc4 Qxb2 19. Rxb2 b6 20. Ne5 Nxe5 21. Bxe5 a5 22. Rxb6 Bb4 23. Bxf6 gxf6 24. Nb3 Rxc4 25. Nxa5 Bxa5 26. Rxa5 Rc1+ 27. Kh2 Rc2 28. Kg3 f5 29. Rb7 f4+ 30. exf4 Rxd4 31. Raa7 Rd3+ 32. Kh4 Rxf2 33. Rxf7 Rxg2 34. Rfb7 Rd8 35. Rg7+ Kh8 36. Rge7 Rf8 37. Rh7+ Kg8 38. Rag7# 1-0

[Event "*** Titled Tuesday Blitz"]
[Site "Chess.com"]
[Date "2018.09.04"]
[Round "6"]
[White "Jbd735"]
[Black "Caisachess"]
[Result "1-0"]
[WhiteElo "2338"]
[BlackElo "2211"]
[TimeControl "180+2"]
[EndTime "14:53:21 PDT"]
[Termination "Jbd735 won by resignation"]

1. e4 e5 2. Nf3 Nc6 3. Bb5 f5 4. Nc3 fxe4 5. Nxe4 Nf6 6. Qe2 d5 7. Ng3 e4 8. d3 Qe7 9. dxe4 dxe4 10. Nd4 Bd7 11. Nxc6 bxc6 12. Bc4 Bg4 13. Qe3 Qb4+ 14. Qc3 Qxc3+ 15. bxc3 Bd6 16. O-O Be5 17. Rb1 Bxc3 18. Rb7 Be5 19. Re1 Kd7 20. Nxe4 Bd6 21. Nxd6 Kxd6 22.
Bf4+ Kc5 23. Bb3 Rhe8 24. Be3+ Kd6 25. f3 Be6 26. Bf4+ Kc5 27. Rxe6 Rxe6 28. Bxe6 Re8 29. Bb3 Nd5 30. Bxd5 Kxd5 31. Rxa7 Re2 32. Rxc7 Rxc2 33. a4 Ra2 34. Rxg7 Rxa4 35. Be3 Ra3 36. Kf2 Ra2+ 37.
Kg3 Ra3 38. Bf2 c5 39. Rg5+ Ke6 40. Rxc5 1-0

[Event "*** Titled Tuesday Blitz"]
[Site "Chess.com"]
[Date "2018.09.04"]
[Round "6"]
[White "Bauxi435"]
[Black "suyu28"]
[Result "0-1"]
[WhiteElo "2351"]
[BlackElo "2486"]
[TimeControl "180+2"]
[EndTime "14:53:28 PDT"]
[Termination "suyu28 won by resignation"]

1. d4 d5 2. c4 dxc4 3. e3 e6 4. Bxc4 Nf6 5. Nf3 c5 6. O-O Nc6 7. Bb3 cxd4 8. exd4 Be7 9. Nc3 O-O 10. h3 Nb4 11.
Bf4 Nbd5 12. Be5 b6 13. Qd3 Bb7 14. a3 Rc8 15. Rac1 Nxc3 16. Rxc3 Qd7 17. Rfc1 Be4 18. Qe2 Bd5 19. Rxc8 Rxc8 20. Rxc8+ Qxc8 21. Bxf6 Bxf6 22. Bxd5 exd5 23. Qb5 g6 24. g4 Qc4 25. Qe8+ Kg7 26. Qe3 h6 27. h4 Qc7 28. g5 hxg5 29. hxg5 Be7 30. Kg2 Bd6 31. Qb3 Qc4 32. Qe3 Qc2 33.
b4 a5 34. bxa5 bxa5 35. Qe1 Qe4 36. Qxa5 Qg4+ 37. Kf1 Qxf3 38. Qb6 Qxa3 0-1

[Event "*** Titled Tuesday Blitz"]
[Site "Chess.com"]
[Date "2018.09.04"]
[Round "6"]
[White "alpasya2009"]
[Black "MikaelyanArman"]
[Result "0-1"]
[WhiteElo "2462"]
[BlackElo "2674"]
[TimeControl "180+2"]
[EndTime "14:53:30 PDT"]
[Termination "MikaelyanArman won by resignation"]

1. d4 Nf6 2. c4 e6 3. Nf3 Bb4+ 4. Nbd2 O-O 5. a3 Be7 6. e4 d6 7. Bd3 c5 8. O-O Nc6 9. d5 Nd4 10.
Nxd4 cxd4 11. f4 e5 12. Nf3 Bg4 13. b4 Rc8 14. Bd2 Nxe4 15. Bxe4 f5 16. Bd3 e4 17. Be2 exf3 18. Bxf3 Bxf3 19. Qxf3 Rxc4 20. Qd3 Qc7 21. Rac1 b5 22. Rce1 g6 23. Re6 Bf6 24. a4 bxa4 25. Ra1 Rc3 26. Bxc3 dxc3 27. Rc1 Qb6+ 28. Kf1 Qxb4 29.
Rxf6 Qxf4+ 30. Ke2 Qxc1 31. Rxf8+ Kxf8 32. Qa6 Qd2+ 33. Kf3 Qxd5+ 34. Kf4 Qe5+ 35. Kg5 Qe3+ 36. Kh4 Qf4+ 0-1

[Event "*** Titled Tuesday Blitz"]
[Site "Chess.com"]
[Date "2018.09.04"]
[Round "6"]
[White "Vegan4future"]
[Black "ddtru"]
[Result "1-0"]
[WhiteElo "2408"]
[BlackElo "2244"]
[TimeControl "180+2"]
[EndTime "14:53:33 PDT"]
[Termination "Vegan4future won by resignation"]

1. d4 Nf6 2. c4 e6 3. Nf3 d5 4. g3 Bb4+ 5. Bd2 Be7 6. Bg2 O-O 7. O-O c6 8. b3 b6 9. Bf4 Nbd7 10. Nbd2 Bb7 11.
Qc2 Rc8 12. e4 dxe4 13. Nxe4 Nxe4 14. Qxe4 Nf6 15. Qe2 c5 16. Rfd1 Qe8 17. d5 exd5 18. Nh4 Qd7 19. cxd5 Bd6 20. Bxd6 Qxd6 21. Nf5 Qd7 22.
Ne7+ Kh8 23. Nxc8 Rxc8 24. d6 Bxg2 25. Kxg2 Re8 26. Qf3 h6 27. Rd3 Re6 28. Rad1 Ne4 29.
Re3 Ng5 30. Qa8+ Kh7 31. Rxe6 fxe6 32. h4 Nf7 33. Qe4+ Kg8 34. Kh2 Kf8 35. Qf3 Kg8 36.
a4 Ne5 37. Qe4 Nc6 38. Qg6 Nd4 39. b4 Qxd6 40. bxc5 bxc5 41. Qe4 Qd7 42. a5 Qf7 43. Kg2 Qc7 44. a6 e5 45. Qb7 Qc6+ 46. Qxc6 Nxc6 47. Rc1 Nb4 48. Rxc5 Nxa6 49. Rxe5 Nc7 50. Re7 Nb5 51. Rb7 a6 52. Rb6 Nc7 53. Rc6 Nd5 54. Rxa6 Nf6 55. f3 h5 56. Kh3 Kh7 57. g4 hxg4+ 58. fxg4 Kg8 59. Kg3 Kf7 60. Kf4 Nd5+ 61. Ke5 Nf6 62. Rxf6+ gxf6+ 63. Kf5 Kg7 64. h5 Kf7 65. h6 Kg8 66. Kxf6 Kh7 67. g5 Kg8 68. g6 Kh8 69.
g7+ Kh7 70. Kf7 Kxh6 71. g8=Q 1-0

[Event "*** Titled Tuesday Blitz"]
[Site "Chess.com"]
[Date "2018.09.04"]
[Round "6"]
[White "Synctel"]
[Black "novocane"]
[Result "0-1"]
[WhiteElo "1893"]
[BlackElo "2136"]
[TimeControl "180+2"]
[EndTime "14:53:36 PDT"]
[Termination "novocane won on time"]

1. d4 Nf6 2. Nf3 e6 3. e3 c5 4.
Bd3 b6 5. Qe2 Bb7 6. Nbd2 Be7 7.
O-O d6 8. c3 Nbd7 9. e4 e5 10.
Rd1 Qc7 11. a4 a6 12. Nf1 O-O 13. Ng3 Rfe8 14. dxe5 dxe5 15. Nf5 Bf8 16. Ng5 h6 17. h4 Rad8 18. Nf3 Nh5 19. Bxa6 Nf4 20. Bxf4 exf4 21. Bxb7 Qxb7 22. Nd6 Bxd6 23. Rxd6 Nf6 24. Rxd8 Rxd8 25.
e5 Ng4 26. Rd1 Re8 27. Rd6 Qc7 28. Qb5 Rxe5 29. Nxe5 Qxd6 30. Nxg4 Qd1+ 31. Kh2 Qxg4 32. Qe8+ Kh7 33. Qe4+ f5 34. Qc6 Qxh4+ 35. Kg1 Qg4 36. Qxb6 f3 0-1

[Event "*** Titled Tuesday Blitz"]
[Site "Chess.com"]
[Date "2018.09.04"]
[Round "6"]
[White "AndrewDGreen"]
[Black "JSMastropiero"]
[Result "1-0"]
[WhiteElo "2230"]
[BlackElo "2364"]
[TimeControl "180+2"]
[EndTime "14:53:37 PDT"]
[Termination "AndrewDGreen won by checkmate"]

1. d4 Nf6 2. Nf3 d5 3. Bf4 e6 4.
e3 Bd6 5. Bg3 O-O 6. Nbd2 c5 7.
c3 b6 8. Bd3 Nc6 9. Ne5 Bb7 10.
f4 Ne7 11. Qb1 g6 12. Bf2 Nf5 13. O-O Be7 14. g4 Nd6 15. Bh4 Nfe4 16. Bxe7 Qxe7 17. Nxe4 dxe4 18. Be2 f6 19. Nc4 cxd4 20. Nxd6 Qxd6 21.
exd4 f5 22. g5 Rac8 23. Qe1 Qd5 24. Qg3 b5 25. a3 a5 26. h4 b4 27. axb4 axb4 28.
Ra7 bxc3 29. bxc3 Rf7 30. h5 Qb3 31. Rc1 Qb2 32. Qe3 Rfc7 33. c4 Rd8 34. Rd1 Rcd7 35.
d5 exd5 36. cxd5 Bxd5 37. Rxd7 Rxd7 38. Bc4 Bxc4 39. Rxd7 Qb1+ 40. Kh2 Qb2+ 41. Rd2 Qb3 42. Rd8+ Kf7 43. Qa7+ Ke6 44. Qd7# 1-0

[Event "*** Titled Tuesday Blitz"]
[Site "Chess.com"]
[Date "2018.09.04"]
[Round "6"]
[White "MFguimaraes"]
[Black "volcanoexplorer"]
[Result "0-1"]
[WhiteElo "2284"]
[BlackElo "2314"]
[TimeControl "180+2"]
[EndTime "14:53:43 PDT"]
[Termination "volcanoexplorer won by resignation"]

1. e4 e5 2. Nf3 Nc6 3. Bc4 Bc5 4. b4 Bxb4 5. c3 Be7 6. d4 Na5 7. Nxe5 Nxc4 8. Nxc4 d5 9. exd5 Qxd5 10. Ne3 Qd8 11. O-O Nf6 12. c4 O-O 13. Nc3 b6 14. Ned5 h6 15. Re1 Bd6 16. Qf3 Nxd5 17. Nxd5 Be6 18.
Be3 a5 19. g3 Qd7 20. c5 bxc5 21. dxc5 Be5 22. Rad1 Bg4 23. Ne7+ Kh8 24. Rxd7 Bxf3 25. Bxh6 Bf6 26. Bf4 Rfe8 27. Rxc7 Rad8 28. Bd6 Kh7 29.
h4 g6 30. a3 Kg7 31. Re3 Bg4 32.
f3 Bd4 33. fxg4 Bxe3+ 34. Kg2 Rb8 35. Kf3 Rb3 36. c6 Bc5+ 37. Ke4 Bxd6 38. Rd7 Bxe7 39.
Kd5 Rd3+ 40. Ke5 Rxd7 41. cxd7 Rd8 0-1

[Event "*** Titled Tuesday Blitz"]
[Site "Chess.com"]
[Date "2018.09.04"]
[Round "6"]
[White "TheRigos"]
[Black "Marcus_Harvey"]
[Result "0-1"]
[WhiteElo "2422"]
[BlackElo "2688"]
[TimeControl "180+2"]
[EndTime "14:53:46 PDT"]
[Termination "Marcus_Harvey won on time"]

1. e4 e6 2. d4 d5 3. Nd2 h6 4.
Ngf3 Nf6 5. e5 Nfd7 6. Bd3 c5 7. c3 Nc6 8. O-O g5 9. dxc5 Nxc5 10. Bb5 Qb6 11. Nd4 Nd7 12. N2f3 g4 13.
Nh4 Ndxe5 14. Re1 Bd6 15. Bf4 Nf3+ 16. Nhxf3 Bxf4 17. Ne5 Bxe5 18. Rxe5 h5 19. Qe2 Bd7 20. Rxd5 O-O-O 21. Nxc6 Bxc6 22. Rxd8+ Rxd8 23. Bxc6 Qxc6 24. Rd1 Rxd1+ 25. Qxd1 Qe4 26. b3 h4 27. Kf1 h3 28.
gxh3 Qh1+ 29. Ke2 Qf3+ 30. Ke1 Qxc3+ 31. Qd2 Qa1+ 32. Ke2 gxh3 33. Kf3 Qh1+ 34. Kg3 Qg2+ 35. Kh4 Qxh2 36. Qc3+ Kd7 37. Qf6 Ke8 38. Qh8+ Ke7 39. Qd4 Qg2 40. Qb4+ Kf6 41. Qf4+ Kg6 42. Qg3+ Qxg3+ 43.
Kxg3 Kf5 44. Kxh3 Kf4 45. Kg2 e5 46. Kf1 e4 47. Ke2 f5 48. a3 Ke5 49. Ke3 f4+ 50.
Ke2 Kd4 51. a4 Kc3 0-1

[Event "*** Titled Tuesday Blitz"]
[Site "Chess.com"]
[Date "2018.09.04"]
[Round "6"]
[White "NikolaGry"]
[Black "wonderfultime"]
[Result "0-1"]
[WhiteElo "2609"]
[BlackElo "2834"]
[TimeControl "180+2"]
[EndTime "14:53:54 PDT"]
[Termination "wonderfultime won on time"]

1. e4 c5 2. Nf3 d6 3. Bb5+ Nd7 4. O-O a6 5. Bxd7+ Bxd7 6. c3 Nf6 7. Re1 e6 8. d3 Be7 9. Nbd2 O-O 10. Nf1 b5 11. Ng3 Bc6 12. Bg5 h6 13. Bxf6 Bxf6 14. d4 cxd4 15. cxd4 Bb7 16. Rc1 Rc8 17. Qd2 Qb6 18. Nh5 Be7 19. Qf4 Rxc1 20. Rxc1 Rc8 21. Re1 Qd8 22. h4 Rc2 23. d5 e5 24. Qe3 Bc8 25.
Rc1 Qc7 26. Rxc2 Qxc2 27. Ng3 Bf8 28. Qa7 Bg4 29. Qb8 Qd1+ 30. Kh2 Bxf3 31. gxf3 Qxf3 32.
Kg1 g6 33. h5 gxh5 34. Qc8 Qg4 35. Qxg4+ hxg4 36. Nh5 Be7 37. Kg2 Bh4 38. f3 g3 39.
b4 Kh7 0-1

[Event "*** Titled Tuesday Blitz"]
[Site "Chess.com"]
[Date "2018.09.04"]
[Round "6"]
[White "nihalsarin"]
[Black "GMBenjaminBok"]
[Result "1-0"]
[WhiteElo "2863"]
[BlackElo "2652"]
[TimeControl "180+2"]
[EndTime "14:53:56 PDT"]
[Termination "nihalsarin won by resignation"]

1. e4 c5 2. Nc3 d6 3. d4 cxd4 4. Qxd4 Nc6 5. Qd2 g6 6. b3 Bh6 7. f4 Nf6 8. Bb2 O-O 9. O-O-O e5 10. g3 Bg4 11. Be2 exf4 12. gxf4 Re8 13. Bxg4 Nxg4 14.
Nd5 Rxe4 15. Kb1 Bg7 16. Bxg7 Kxg7 17. Nf3 Nf6 18. Qc3 Rc8 19. Ng5 Re2 20. Qh3 h6 21. Nxf6 Qxf6 22. Qxc8 hxg5 23. Qg4 Rf2 24. fxg5 Qc3 25.
Qc4 Qxc4 26. bxc4 Ne5 27. Rxd6 Nxc4 28. Rd7 Na3+ 29. Kb2 Nxc2 30. Rxb7 Nd4+ 31. Kc3 Ne6 32. h4 Rf3+ 33. Kd2 Nc5 34. Rxa7 Ne4+ 35. Ke2 Rc3 36. Rd1 Rh3 37. Rdd7 Rxh4 38. Rxf7+ Kg8 39. Rfb7 1-0

[Event "*** Titled Tuesday Blitz"]
[Site "Chess.com"]
[Date "2018.09.04"]
[Round "6"]
[White "aquaticpineapples"]
[Black "MikeSailer"]
[Result "1-0"]
[WhiteElo "2018"]
[BlackElo "2099"]
[TimeControl "180+2"]
[EndTime "14:53:56 PDT"]
[Termination "aquaticpineapples won on time"]

1. d4 d5 2. Nf3 Nf6 3. e3 e6 4. Bd3 c5 5. b3 cxd4 6. exd4 Be7 7. Nbd2 b6 8. Bb2 Ba6 9. Qe2 Bxd3 10. Qxd3 Nbd7 11. O-O O-O 12. Ne5 Nxe5 13. dxe5 Nd7 14.
Rfe1 Rc8 15. c4 Nc5 16. Qe2 dxc4 17. Nxc4 Qd3 18. Rad1 Qxe2 19. Rxe2 Rfd8 20. Red2 Kf8 21. Kf1 Ke8 22. Nd6+ Bxd6 23. exd6 f6 24. Ke2 Kd7 25.
Rd4 Nb7 26. Rg4 Rc2+ 27. Rd2 Rxd2+ 28. Kxd2 Nxd6 29. Rxg7+ Kc6 30. Ke2 Ne4 31. Ke3 Nxf2 32. Bxf6 Nd1+ 33. Ke2 Rd5 34. Rxh7 Rf5 35. Bh8 Nf2 36.
Rxa7 Ng4 37. h3 Nh6 38. g4 1-0

[Event "*** Titled Tuesday Blitz"]
[Site "Chess.com"]
[Date "2018.09.04"]
[Round "6"]
[White "BigAl"]
[Black "OglazaOskar2005"]
[Result "0-1"]
[WhiteElo "2081"]
[BlackElo "2306"]
[TimeControl "180+2"]
[EndTime "14:54:03 PDT"]
[Termination "OglazaOskar2005 won by resignation"]

1. e4 c5 2. Nc3 a6 3. g3 b5 4.
Bg2 Bb7 5. d3 e6 6. Nf3 g6 7.
O-O Bg7 8. e5 Qc7 9. Bf4 Ne7 10.
Ne4 Bxe4 11. dxe4 Nbc6 12. Qd6 Rc8 13. Qxc5 h6 14. h4 O-O 15. Rad1 Qb7 16. Qe3 Kh7 17. Rd6 Rc7 18. Rfd1 Nc8 19. R6d2 Nb6 20. b3 Rfc8 21. g4 Nb4 22. h5 g5 23. Bxg5 hxg5 24.
Nxg5+ Kg8 25. Qf4 d5 26. exd6 Rd7 27. e5 N4d5 28. Qe4 Kf8 29. Qh7 Bxe5 30. f4 Bxd6 31. Re2 Bxf4 32. Bxd5 Nxd5 33. Rxd5 Qxd5 34. Ne4 Be5 35.
g5 Rxc2 0-1

[Event "*** Titled Tuesday Blitz"]
[Site "Chess.com"]
[Date "2018.09.04"]
[Round "6"]
[White "mjray79"]
[Black "julinha97"]
[Result "0-1"]
[WhiteElo "2032"]
[BlackElo "2156"]
[TimeControl "180+2"]
[EndTime "14:54:09 PDT"]
[Termination "julinha97 won on time"]

1. d4 Nf6 2. c4 g6 3. Nc3 Bg7 4. e4 d6 5. Nge2 O-O 6. Ng3 c5 7. d5 e6 8. Be2 exd5 9. exd5 Re8 10. Bf4 a6 11. O-O h5 12. Bg5 Qc7 13. Qd2 Nbd7 14. Bh6 Bh8 15. Qg5 Nh7 16. Qh4 Bf6 17. Qf4 Be5 18. Qd2 Ndf6 19. Rfe1 Bg4 20. Bxg4 Nxg4 21. Nge4 Bxh2+ 22. Kh1 Be5 23. f4 Bd4 24. Bg5 Nxg5 25.
fxg5 Qd7 26. Rf1 Kg7 27. Qf4 Be3 28. Qxd6 Nf2+ 29. Rxf2 Qxd6 30. Rxf7+ Kxf7 31. Nxd6+ Kg7 32. Nxe8+ Rxe8 33. Re1 Re5 34. Nd1 Bd4 35. Rxe5 Bxe5 36. Kg1 Bf4 37. Kf2 Bxg5 38. Nc3 Bf6 39. Na4 b5 40.
Nc3 bxc4 41. Ne4 Bxb2 42. d6 Kf7 43. Ke2 Bd4 44. Nd2 c3 45. Nc4 Ke6 46. Kd3 Bf6 47. a4 g5 48. a5 h4 0-1

[Event "*** Titled Tuesday Blitz"]
[Site "Chess.com"]
[Date "2018.09.04"]
[Round "6"]
[White "Superfelix"]
[Black "Faqade"]
[Result "0-1"]
[WhiteElo "2360"]
[BlackElo "2478"]
[TimeControl "180+2"]
[EndTime "14:54:28 PDT"]
[Termination "Faqade won by resignation"]

1. e4 c5 2. Nc3 e6 3. d4 cxd4 4.
Qxd4 Nc6 5. Qd3 a6 6. Qg3 b5 7.
Bf4 b4 8. Na4 Qa5 9. b3 Nf6 10.
Qd3 Be7 11. Nf3 d5 12. exd5 Nxd5 13. Bd2 O-O 14. Be2 Bb7 15. O-O Rfd8 16. Qe4 Nf6 17. Qh4 Ne5 18. Be3 Nxf3+ 19. Bxf3 Bxf3 20. gxf3 Qf5 21. Kg2 Nd5 22. Qe4 Qf6 23. Rad1 Bd6 24. Kh1 Rac8 25. Rg1 Nxe3 26. fxe3 g6 27. f4 Be7 28. Nb6 Rxd1 29. Rxd1 Rd8 30. Rxd8+ Bxd8 31. Nc4 Qa1+ 32. Kg2 Qxa2 33. Qd3 Bf6 34. Nd6 Qa5 35. Ne4 Be7 36. Qd7 Qd5 37. Qxd5 exd5 38. Ng3 Kg7 39. Kf3 Kf6 40.
Ne2 Bc5 41. Nc1 Ke6 42. Nd3 Bd6 43. Nf2 f6 44. Ng4 g5 45. Nf2 Kf5 46. Ng4 gxf4 47. exf4 Bxf4 48. Nxf6 Kxf6 49. Kxf4 a5 50. Kg4 Ke5 51.
Kg5 Kd4 52. Kh6 Kc3 53. Kxh7 Kxc2 54. h4 d4 55. h5 d3 56. h6 d2 57. Kg7 0-1

[Event "*** Titled Tuesday Blitz"]
[Site "Chess.com"]
[Date "2018.09.04"]
[Round "6"]
[White "oskariot"]
[Black "VerdeNotte"]
[Result "0-1"]
[WhiteElo "2488"]
[BlackElo "2826"]
[TimeControl "180+2"]
[EndTime "14:54:29 PDT"]
[Termination "VerdeNotte won on time"]

1. c4 g6 2. g3 Bg7 3. Bg2 c5 4.
Nc3 Nc6 5. e3 d6 6. Nge2 e5 7.
O-O Nge7 8. Nd5 h5 9. Nec3 h4 10. d3 Rb8 11. a3 Nxd5 12. Nxd5 Ne7 13. b4 Nxd5 14. cxd5 b6 15. Rb1 hxg3 16. hxg3 Bf5 17. e4 Bd7 18. Be3 Bh6 19. Bxh6 Rxh6 20. bxc5 bxc5 21. Qd2 Rh8 22. Rxb8 Qxb8 23. f4 Qb6 24. fxe5 dxe5 25. Qf2 f5 26. exf5 gxf5 27. Re1 Qd6 28. Qf4 Kd8 29. Rxe5 Kc7 30. d4 c4 31. Qc1 Bb5 32.
Qc3 Kb8 33. Re6 Qd7 34. Qb4 c3 35. Re7 c2 36. Qc5 Qxe7 37. Qxb5+ Qb7 38. Qc5 Qb1+ 39. Bf1 c1=Q 0-1

[Event "*** Titled Tuesday Blitz"]
[Site "Chess.com"]
[Date "2018.09.04"]
[Round "6"]
[White "r31415"]
[Black "TST2014"]
[Result "1-0"]
[WhiteElo "2384"]
[BlackElo "2496"]
[TimeControl "180+2"]
[EndTime "14:54:29 PDT"]
[Termination "r31415 won by checkmate"]

1. e4 c5 2. Nf3 Nc6 3. d4 cxd4 4. Nxd4 Nf6 5. Nc3 d6 6. g3 e5 7. Nde2 Be7 8. Bg2 O-O 9. O-O a6 10. h3 b5 11. Be3 Re8 12. Qd2 Na5 13. b3 Bb7 14. a4 b4 15. Nd5 Bxd5 16. exd5 Rb8 17. g4 h6 18. Ng3 Nd7 19. Nf5 Nf8 20. Rfd1 Bg5 21. Bf1 Ng6 22. Bxa6 Nf4 23. Kh2 g6 24. Ng3 Qd7 25. Bb5 Rxb5 26. axb5 Qxb5 27. Ra4 Rb8 28. Rda1 Nb7 29. Ne4 Qd7 30. Bxf4 exf4 31. Rxb4 Qe7 32. Qd4 Re8 33. Ra7 f3 34. Raxb7 Qe5+ 35. Qxe5 Rxe5 36. Nxg5 hxg5 37. Kg3 Re2 38. Rc4 Rd2 39. Rcc7 f5 40. Rg7+ Kf8 41. gxf5 gxf5 42. Rgf7+ Kg8 43. Rfd7 f4+ 44.
Kxf3 Rxd5 45. Rb8# 1-0

[Event "*** Titled Tuesday Blitz"]
[Site "Chess.com"]
[Date "2018.09.04"]
[Round "6"]
[White "Bad4life"]
[Black "SaraciNderim"]
[Result "0-1"]
[WhiteElo "2423"]
[BlackElo "2504"]
[TimeControl "180+2"]
[EndTime "14:54:31 PDT"]
[Termination "SaraciNderim won by checkmate"]

1. e4 c5 2. Nf3 e6 3. d4 cxd4 4. Nxd4 a6 5. Bd3 Qc7 6. O-O b5 7. a4 b4 8. a5 Bb7 9. Nd2 Nf6 10. Qe2 Bc5 11. N4f3 Nc6 12. Nb3 Ba7 13. h3 d6 14.
Be3 O-O 15. Bxa7 Rxa7 16. Kh1 Ne5 17. Nbd4 Nfd7 18. Nh2 Nc5 19. f4 Nexd3 20. cxd3 Raa8 21. f5 e5 22. Nc2 b3 23. Ne3 f6 24. Rfc1 Bc6 25. Nf3 Bb5 26. Nc4 Rfd8 27. Nb6 Rab8 28. Nd5 Qb7 29. Rc3 Rdc8 30. Nb6 Rc7 31. Rac1 Rc6 32.
Nd5 Nxd3 33. Rxc6 Nxc1 34. Qd2 Bxc6 35. Qxc1 Bxd5 36. exd5 Rc8 37. Qd1 Rc5 38. Kh2 Qxd5 39. Qf1 e4 40. Nh4 Qd3 41. Qf4 e3 42. Qb4 Qb5 43.
Qd4 e2 44. Nf3 Rxf5 45. Qe4 Re5 46. Qa8+ Re8 47. Qa7 e1=Q 48. Nxe1 Rxe1 49. Qa8+ Re8 50. Qa7 Qe5+ 51. Kh1 Qxb2 52. Qd7 Qc1+ 53. Kh2 Qf4+ 54. Kg1 Re1# 0-1

[Event "*** Titled Tuesday Blitz"]
[Site "Chess.com"]
[Date "2018.09.04"]
[Round "6"]
[White "xberli"]
[Black "Mikhail_Golubev"]
[Result "1-0"]
[WhiteElo "2540"]
[BlackElo "2418"]
[TimeControl "180+2"]
[EndTime "14:54:33 PDT"]
[Termination "xberli won by resignation"]

1. e4 c5 2. Nf3 d6 3. d4 cxd4 4. Nxd4 Nf6 5. Nc3 g6 6. Be3 Bg7 7. f3 a6 8. Qd2 Nbd7 9. h4 h5 10.
Bc4 b5 11. Bd5 Nxd5 12. Nxd5 Bb7 13. Bg5 Bxd5 14. exd5 Qb6 15. Qe3 Nf6 16. O-O-O Rc8 17. Rhe1 Nxd5 18. Qe4 Qc5 19. Bxe7 Be5 20. Bg5 O-O 21. Nb3 Bxb2+ 22. Kxb2 Qc3+ 23. Kb1 Rc4 24. Qd3 Qxd3 25. Rxd3 Nc3+ 26. Ka1 Rfc8 27. Nd4 Ra4 28. Kb2 Rxa2+ 29. Kc1 b4 30. Kd2 Nb5 31. Nxb5 Rcxc2+ 32. Ke3 axb5 33. Rxd6 b3 34. Bf6 Ra8 35. Red1 Re8+ 36. Kf4 Rcc8 37. R6d2 b4 38. Rb1 Rc2 39. Rd3 Rxg2 40.
Rbxb3 Rge2 41. Rxb4 R2e6 42. Kg5 Kh7 43. Rb7 Kg8 44.
Rbd7 Re1 45. Rd8 Kh7 46. Rxe8 Rxe8 47. Rd8 Rxd8 48. Bxd8 Kg7 49. Bf6+ Kh7 50. f4 1-0

[Event "*** Titled Tuesday Blitz"]
[Site "Chess.com"]
[Date "2018.09.04"]
[Round "6"]
[White "Arash_Tahbaz"]
[Black "MrVezunchik"]
[Result "1-0"]
[WhiteElo "2753"]
[BlackElo "2832"]
[TimeControl "180+2"]
[EndTime "14:54:41 PDT"]
[Termination "Arash_Tahbaz won by resignation"]

1. e4 c5 2. Nf3 g6 3. d4 cxd4 4.
Qxd4 Nf6 5. e5 Nc6 6. Qa4 Nd5 7. Qe4 Nb6 8. Nc3 Bg7 9. Bf4 d5 10. exd6 Bf5 11. Qe3 O-O 12. O-O-O exd6 13. Rxd6 Qc8 14. Bh6 Re8 15. Qd2 Bh8 16. Bb5 a6 17. Be2 Nb4 18. Nd4 Nc4 19. Bxc4 Qxc4 20. Kb1 Qc8 21. a3 Nc6 22. Nxf5 Qxf5 23. h4 Ne5 24. Qd5 Qxf2 25. h5 Qf5 26. hxg6 hxg6 27. Bc1 Bg7 28. Bh6 Bh8 29. Be3 Bg7 30. Bd4 Rac8 31. Ne4 Ng4 32. Qxf5 gxf5 33. Bxg7 Kxg7 34. Ng3 Rc5 35. Nh5+ Kf8 36.
Nf4 Kg7 37. c3 b5 38. Rh5 Re4 39. Rg5+ Kf8 40. Nd3 Rc7 41. Rxf5 Ne3 42. Rf2 Ng4 43.
Rf3 Ra7 44. Nc5 a5 45. Nxe4 1-0

[Event "*** Titled Tuesday Blitz"]
[Site "Chess.com"]
[Date "2018.09.04"]
[Round "6"]
[White "Divertissement"]
[Black "ChainsOfFantasia"]
[Result "1-0"]
[WhiteElo "2536"]
[BlackElo "2373"]
[TimeControl "180+2"]
[EndTime "14:54:42 PDT"]
[Termination "Divertissement won by resignation"]

1. e4 c6 2. d4 d5 3. e5 c5 4. dxc5 e6 5. a3 Bxc5 6. Qg4 Ne7 7. Qxg7 Rg8 8. Qxh7 Qb6 9. Nh3 Bd4 10. c3 Bxe5 11. Nd2 Nbc6 12. Nf3 Bf6 13. Nf4 e5 14. Nh5 Bh8 15.
Ng5 Bf5 16. Qxf7+ Kd7 17. Nf6+ Bxf6 18. Qxf6 Raf8 19. Qh6 Rh8 20. Qg7 Rfg8 21. Qf6 Rg6 22. Qxh8 Na5 23. Nf7 Nec6 24. Qh5 Rf6 25. Be2 Nb3 26. O-O Bg6 27. Qg4+ Bf5 28. Qg8 Be6 29. Bg4 Nxa1 30. Be3 d4 31. cxd4 exd4 32. Bg5 Ne7 33. Ne5+ Kd6 34. Qg7 Bxg4 35. Qxf6+ Be6 36. Nf7+ Kd5 37.
Qxe7 Nc2 38. Nd8 Bg4 39. Bf4 Kc4 40. Nf7 d3 41. Ne5+ Kb3 42. Nxg4 d2 43. Bxd2 Nd4 44.
Qe3+ Ka2 45. Ne5 Qc5 46. Nd3 Qd5 47. Nb4+ 1-0

[Event "*** Titled Tuesday Blitz"]
[Site "Chess.com"]
[Date "2018.09.04"]
[Round "6"]
[White "GMWSO"]
[Black "sergiochess83"]
[Result "1-0"]
[WhiteElo "2964"]
[BlackElo "2749"]
[TimeControl "180+2"]
[EndTime "14:54:43 PDT"]
[Termination "GMWSO won by resignation"]

1. d4 Nf6 2. Nf3 d5 3. c4 e6 4. g3 Bb4+ 5. Nc3 O-O 6. Bg2 dxc4 7. O-O Nc6 8. Qa4 Bd7 9. Bg5 a6 10. Qc2 Be7 11. Rad1 Nd5 12. Bc1 b5 13. Ne5 Nxe5 14. dxe5 c6 15. Ne4 Qc7 16. Bg5 f6 17. exf6 Nxf6 18.
Qd2 Rad8 19. Nxf6+ Bxf6 20. Bxf6 Rxf6 21. Qd6 Qxd6 22.
Rxd6 e5 23. Rd2 Kf7 24. Rfd1 Ke7 25. Bh3 Bxh3 26. Rxd8 Be6 27. Ra8 Bd5 28. Ra7+ Ke6 29. Rxa6 e4 30. a4 bxa4 31. Rxa4 Rf7 32. e3 Rb7 33.
Rd2 h6 34. h4 Ke5 35. Ra8 Kd6 36. Ra5 Kc7 37. Kf1 Kb6 38. Ra8 Kc5 39. Ke1 Kb4 40.
Ra3 g5 41. hxg5 hxg5 42. Kd1 Rh7 43. Kc2 Rh1 44. Ra8 Rf1 45. Rb8+ Kc5 46. Rf8 Be6 47. Re8 Bg4 48. Kc3 Rc1+ 49. Rc2 Rd1 50. Re5+ Kd6 51. Rxg5 Rd3+ 52. Kxc4 Be6+ 53. Kb4 Rb3+ 54.
Ka5 Rb8 55. Rg6 Rb5+ 56. Ka6 Ke5 1-0

[Event "*** Titled Tuesday Blitz"]
[Site "Chess.com"]
[Date "2018.09.04"]
[Round "6"]
[White "afgano29"]
[Black "Squirlolz"]
[Result "1-0"]
[WhiteElo "2692"]
[BlackElo "2479"]
[TimeControl "180+2"]
[EndTime "14:54:46 PDT"]
[Termination "afgano29 won by resignation"]

1. d4 e6 2. c4 Nf6 3. Nf3 d5 4. g3 Be7 5. Bg2 O-O 6. O-O dxc4 7. Qc2 a6 8. a4 Bd7 9. Qxc4 Bc6 10. Bg5 Nbd7 11. Nc3 h6 12. Bxf6 Nxf6 13. b4 Nd5 14. b5 axb5 15. axb5 Nb6 16. Qd3 Rxa1 17.
Rxa1 Bxf3 18. Bxf3 Bf6 19. Rd1 Nd5 20. Nxd5 exd5 21.
Rc1 Qd6 22. Rc5 c6 23. bxc6 bxc6 24. Qc3 g6 25. e3 Rd8 26. Rxc6 Qe7 27. Qc5 Kg7 28.
Bxd5 Qxc5 29. Rxc5 Rd7 30. Kg2 h5 31. h4 g5 32.
hxg5 Bxg5 33. Bxf7 Be7 34. Rf5 h4 35. gxh4 Bxh4 36.
Bh5 Ra7 37. Rf4 Bf6 38. Bf3 Ra2 39. Bd5 Rb2 40. Rg4+ Kf8 41. Rf4 Ke7 42. Re4+ Kd7 43. Be6+ Kd6 44. Bg4 Bh4 45. Rf4 Bg5 46. Rf3 Rd2 47. Bf5 Bh4 48. Bh3 Ke7 49. Rf4 Bg5 50.
Rg4 Bxe3 51. Re4+ Kd6 52. Rxe3 Rxd4 53. Kg3 Rb4 54. f4 Rb1 55. f5 1-0

[Event "*** Titled Tuesday Blitz"]
[Site "Chess.com"]
[Date "2018.09.04"]
[Round "6"]
[White "Abund"]
[Black "lucasmito"]
[Result "1-0"]
[WhiteElo "2456"]
[BlackElo "2353"]
[TimeControl "180+2"]
[EndTime "14:54:47 PDT"]
[Termination "Abund won by checkmate"]

1. d4 Nf6 2. Bf4 g6 3. e3 Bg7 4. Nf3 O-O 5. Nbd2 d6 6. h3 Nbd7 7. Bh2 b6 8. Bb5 Bb7 9. O-O a6 10. Bd3 c5 11. c3 Qc7 12. e4 e5 13. dxe5 Nxe5 14. Nxe5 dxe5 15. Qe2 Rad8 16. Rfd1 b5 17. Nf1 c4 18. Bc2 Nd7 19. Ne3 Nc5 20. Nd5 Bxd5 21. Rxd5 Rxd5 22. exd5 Rd8 23. Rd1 Qe7 24. b3 cxb3 25.
axb3 e4 26. d6 Qe6 27. b4 Nd7 28. Bxe4 Bxc3 29. Qc2 Bxb4 30. Qc7 Rf8 31. Bd5 Qe2 32. Bf3 Qe6 33. Bg4 f5 34. Bf3 Kg7 35. Bc6 Rf7 36.
Bd5 Qe2 37. Bf3 Qc4 38. Qd8 Qb3 39. Qc7 a5 40. Qc6 a4 41. Qxb5 a3 42. Be5+ Nxe5 43. Qxe5+ Kh6 44. d7 Rxd7 45. Rxd7 a2 46. Qg7+ Kg5 47.
h4+ Kxh4 48. Qh6# 1-0